AoeStats
← ska_18

Black Forest

509112284Analyzed
3v3 RM · 5d ago on Sep 25, 2026· 64m 47s· 6 players
Game mode
Random Map
Map size
Normal (6 player)
Population
200
Speed
Normal
Resources
Standard
Victory
Conquest
Starting age
Dark Age
Ending age
Imperial Age
RankedLock teamsTeams togetherTeam positionsShared explorationLock speedFull tech treeHidden civsTurbo modeCheats
Victory
Defeat
🇹🇼 Saxons · Taiwan
1002
+14
🇹🇼 Persians · Taiwan
961
+16
🇹🇼 Muisca · Taiwan
952
+16
🇪🇸 Koreans · Spain
995
-16
🇩🇪 Franks · Germany
963
-16
🇦🇹 Saracens · Austria
918
-14
Tapiru
0:28 Loom
12:18 Feudal Age
13:02 Double-Bit Axe
13:08 Horse Collar
21:17 Castle Age
21:07 Bloodlines
21:46 Scale Barding Armor
21:51 Forging
23:09 Bow Saw
25:01 Pikeman
25:42 Squires
26:58 Gold Mining
27:49 Wheelbarrow
26:59 Town Watch
26:58 Crossbowman
28:38 Hand Cart
29:21 Heavy Plow
29:37 Forging
34:20 Imperial Age
32:41 Husbandry
33:19 Iron Casting
32:47 Scale Mail Armor
33:09 Chain Barding Armor
33:10 Town Patrol
33:30 Kamandaran
33:45 Arson
35:54 Chain Mail Armor
35:38 Fletching
38:29 Gold Shaft Mining
37:28 Cavalier
39:30 Thumb Ring
39:16 Halberdier
41:58 Blast Furnace
41:28 Plate Mail Armor
41:35 Ballistics
42:15 Chemistry
42:45 Two-Man Saw
42:04 Bodkin Arrow
42:09 Padded Archer Armor
43:27 Conscription
44:37 Caravan
47:04 Leather Archer Armor
47:20 Plate Mail Armor
54:44 Ring Archer Armor
雷孟
12:12 Feudal Age
13:41 Double-Bit Axe
16:20 Castle Age
14:47 Loom
14:59 Horse Collar
17:36 Heavy Plow
17:48 Bow Saw
17:58 Bow Saw
22:18 Gold Mining
23:47 Pikeman
24:27 Squires
23:48 Champi Runner
26:26 Wheelbarrow
25:56 Champi Warrior
32:04 Imperial Age
30:45 Scale Mail Armor
30:56 Forging
31:46 Hand Cart
31:17 Town Watch
32:20 Herbalism
32:39 Chain Mail Armor
33:00 Iron Casting
33:14 Gold Shaft Mining
32:29 Stone Mining
33:48 Elite Champi Warrior
35:13 Crop Rotation
36:35 Two-Man Saw
35:16 Elite Temple Guard
37:29 Huaracas
37:44 Conscription
37:59 Town Patrol
39:15 Plate Mail Armor
38:36 Fletching
40:05 Hoardings
40:03 Onager
43:10 Bodkin Arrow
"Jihei endonka"
9:49 Feudal Age
10:01 Man-at-Arms
11:48 Town Watch
11:51 Loom
11:55 Town Watch
14:44 Double-Bit Axe
18:29 Fletching
26:44 Castle Age
26:55 Gold Mining
26:56 Stone Mining
26:50 Horse Collar
28:42 Bow Saw
30:17 Heavy Plow
30:58 Gold Shaft Mining
31:38 Wheelbarrow
34:30 Hand Cart
36:13 Town Patrol
37:14 Masonry
41:04 Imperial Age
38:49 Pikeman
39:31 Scale Mail Armor
39:17 Treadmill Crane
40:29 Chain Mail Armor
40:11 Bodkin Arrow
40:18 Gambesons
40:33 Squires
40:18 Arson
41:43 Ballistics
41:22 Clerical Recruitment
42:24 Redemption
41:42 Halberdier
42:14 Crossbowman
43:00 Thumb Ring
42:59 Bracer
43:31 Plate Mail Armor
43:31 Sanctity
43:27 Block Printing
42:53 Arbalester
45:01 Devotion
45:31 Illumination
47:21 Two-Man Saw
46:10 Capped Ram
46:37 Shield Wall
47:11 Siege Ram
48:09 Elite Varangian Guard
48:51 Padded Archer Armor
49:01 Forging
48:57 Scale Barding Armor
49:16 Conscription
49:06 Siege Engineers
50:02 Chemistry
49:32 Architecture
48:58 Murder Holes
49:14 Fortified Wall
50:49 Crop Rotation
51:47 Fortified Wall
63:52 Iron Casting
63:32 Leather Archer Armor
63:37 Chain Barding Armor
CalaveraDelCid
0:39 Loom
12:15 Feudal Age
18:56 Castle Age
17:01 Double-Bit Axe
17:38 Horse Collar
19:45 Wheelbarrow
21:00 Heavy Plow
26:52 Town Watch
29:23 Gold Mining
32:47 Bow Saw
33:06 Fletching
35:57 Imperial Age
34:22 Forging
34:13 Scale Mail Armor
34:08 Bodkin Arrow
34:56 Squires
34:17 Pikeman
34:33 Pikeman
35:40 Arson
36:46 Chain Mail Armor
37:07 Iron Casting
38:34 Plate Mail Armor
40:41 Hand Cart
39:57 Pikeman
41:03 Elite Fire Lancer
47:36 Bodkin Arrow
48:43 Gold Shaft Mining
48:16 Caravan
49:41 Elite War Wagon
53:07 Chemistry
54:20 Ballistics
55:19 Bracer
60:13 Halberdier
Hoodie Melo
11:31 Feudal Age
15:08 Castle Age
14:39 Scale Barding Armor
14:46 Forging
15:50 Husbandry
20:45 Wheelbarrow
19:55 Town Watch
21:42 Chain Barding Armor
22:14 Double-Bit Axe
24:33 Hand Cart
24:38 Gold Mining
26:16 Iron Casting
26:48 Gold Shaft Mining
26:31 Loom
26:31 Town Watch
26:56 Stone Mining
27:46 Fletching
31:45 Imperial Age
31:00 Bodkin Arrow
31:08 Light Cavalry
31:53 Cavalier
33:10 Plate Barding Armor
33:35 Blast Furnace
34:04 Chemistry
32:46 Treadmill Crane
33:29 Ballistics
35:18 Bow Saw
36:56 Town Patrol
36:48 Paladin
38:24 Conscription
38:34 Chivalry
41:28 Siege Engineers
51:44 Hoardings
52:47 Caravan
ska_18
1:01 Loom
12:54 Feudal Age
26:19 Wheelbarrow
25:37 Town Watch
29:16 Castle Age
27:55 Double-Bit Axe
28:14 Horse Collar
31:27 Wheelbarrow
32:46 Forging
32:41 Scale Barding Armor
34:24 Hand Cart
39:51 Iron Casting
39:07 Fletching
40:38 Chain Barding Armor
40:43 Heavy Plow
40:34 Gold Mining
40:48 Stone Mining
41:17 Bow Saw
42:39 Gold Shaft Mining
41:55 Fletching
45:15 Imperial Age
43:02 Caravan
43:25 Bodkin Arrow
43:27 Murder Holes
43:43 Fortified Wall
43:44 Masonry
44:12 Sanctity
44:49 Coinage
45:02 Town Patrol
45:39 Fervor
45:45 Bimaristan
47:16 Chemistry
46:22 Siege Engineers
46:30 Bloodlines
46:20 Husbandry
45:41 Light Cavalry
46:44 Conscription
46:59 Hoardings
48:08 Blast Furnace
47:43 Plate Barding Armor
47:52 Elite Mameluke
49:51 Two-Man Saw
51:47 Ballistics
51:29 Bracer
53:11 Banking
53:30 Devotion
54:31 Hussar
Connection lost

Rejoining the realm…

Still unreachable

The connection could not be restored.

Session expired

The server has moved on; the page needs a fresh start.